 Dungeon Crawl Stone Soup version 0.19-a0-1013-g40768a3 (webtiles) character file.

8224 HAL9000 the Bludgeoner (level 11, -4/119 HPs)
             Began as an Ogre Berserker on July 24, 2016.
             Was a High Priest of Trog.
             Slain by a vampire (11 damage)
             ... on level 2 of the Abyss.
             The game lasted 00:28:00 (12110 turns).

HAL9000 the Bludgeoner (Ogre Berserker)            Turns: 12110, Time: 00:28:01

Health: -4/119     AC:  5    Str: 24    XL:     11   Next: 27%
Magic:  11/11      EV: 15    Int:  8    God:    Trog [*****.]
Gold:   572        SH:  0    Dex: 12    Spells: 0 memorised, 10 levels left

rFire  . . .     SeeInvis .     H - +5 great mace "Mufixzur" {vamp, Int+2}
rCold  . . .     Gourm    .     M - +0 robe {MR+}
rNeg   . . .     Faith    .     (shield currently unavailable)
rPois  .         Spirit   .     (helmet restricted)
rElec  .         Dismiss  +     f - +0 cloak
rCorr  .         Reflect  .     (gloves unavailable)
SustAt .         Harm     .     (boots unavailable)
MR     ++...                    e - amulet of dismissal
Stlth  +.........               A - +1 ring of protection
                                O - +2 ring of evasion

@: slowed, very slow, very resistant to hostile enchantments, very unstealthy
A: unfitting armour, tough skin 1
a: Berserk, Trog's Hand, Brothers in Arms, Burn Spellbooks, Renounce Religion


You were on level 2 of the Abyss.
You worshipped Trog.
Trog was extremely pleased with you.
You were not hungry.

You visited 1 branch of the dungeon, and saw 10 of its levels.
You visited the Abyss 1 time.

You collected 572 gold pieces.

Inventory:

Hand Weapons
 E - a +0 giant spiked club
 H - the +5 great mace "Mufixzur" (weapon) {vamp, Int+2}
   (You found it on level 9 of the Dungeon)

   It inflicts no extra harm, but heals its wielder somewhat when it strikes a
   living foe.
   It affects your intelligence (+2).
 S - a +3 morningstar
Missiles
 u - 20 tomahawks
 w - 3 exploding tomahawks
 R - 2 large rocks (quivered)
Armour
 f - a +0 cloak (worn)
 M - a +0 robe of magic resistance (worn)
 U - a +0 shield
Jewellery
 e - an amulet of dismissal (around neck)
 z - an uncursed ring of ice
 A - a +1 ring of protection (right hand)
 F - an uncursed ring of wizardry
 G - an uncursed ring of ice
 O - a +2 ring of evasion (left hand)
 P - a +2 ring of dexterity
 V - an uncursed ring of stealth
Wands
 I - a wand of iceblast (5/15)
 X - a wand of teleportation (3/9)
 Z - a wand of iceblast (8/15)
Scrolls
 d - 2 scrolls of random uselessness {unknown}
 g - 2 scrolls of recharging {unknown}
 i - 2 scrolls of enchant armour {unknown}
 j - 2 scrolls of immolation {unknown}
 l - 5 scrolls of remove curse
 m - 2 scrolls of enchant weapon
 o - a scroll of fog {unknown}
 q - 2 scrolls of identify
 y - 3 scrolls of amnesia {unknown}
 D - 2 scrolls of teleportation {unknown}
 T - 2 scrolls of noise {unknown}
Potions
 h - a potion of curing
 r - 3 potions of flight
 B - 2 potions of magic
 N - 3 potions of brilliance
 W - a potion of agility
Books
 K - a book of Party Tricks

   Spells                             Type                      Level
   a - Summon Butterflies             Summoning                    1
   b - Apportation                    Translocation                1
   c - Tukima's Dance                 Hexes                        3
   d - Alistair's Intoxication        Transmutation/Poison         5
   e - Invisibility                   Hexes                        6
   Trog disapproves of the use of such an item.
Miscellaneous
 C - a box of beasts
Comestibles
 c - 4 bread rations
 k - 5 meat rations
 J - a beef jerky
 Q - 5 chunks of flesh
 Y - a royal jelly


   Skills:
 + Level 10.4 Fighting
 * Level 15.2 Maces & Flails
 + Level 0.2 Throwing
 + Level 7.4 Dodging
 - Level 5.6 Shields


You had 10 spell levels left.
You didn't know any spells.

Dungeon Overview and Level Annotations

Branches:
Dungeon (10/15)            Temple (0/1) D:6            Lair (0/6) D:10
    Orc: D:9-12

Altars:
Cheibriados
Gozag
Nemelex Xobeh
Okawaru
Pakellas
Qazlal
Ru
Sif Muna
Trog
Vehumet

Shops:
D:6 *

Annotations:
D:10 Sonja


Innate Abilities, Weirdness & Mutations

You are too large for most types of armour.
You have tough skin. (AC +1)


Message History

You bludgeon the quasit!!
You kill the quasit!
Trog accepts your kill.
Unknown command.
A vampire is nearby!
Throwing (i - inventory. (,) - cycle):
R - 3 large rocks (quivered)
Press: ? - help, Shift-Dir - straight line, f - vampire
Aim: a vampire You throw a large rock.
The large rock hits the vampire!
The vampire is moderately damaged.
You hear a deep rumbling!
The vampire gestures wildly while chanting.
The vampire flickers and vanishes!
Deactivating autopickup; reactivate with Ctrl-A.
Unholy energy fills the air.
* * * LOW HITPOINT WARNING * * *
You thump something! Something hits you but does no damage.
Something bites you but does no damage.
You sock something! Something barely misses you. Something bites you!
You die...

#. . # # #. . #.
.. . ..# #. .##
##. . . # #.#.
#..## #. ..
#..###....##.....
#. ....#.#...#...
. ..
##......#....#
#.# .# #
#...(.#...# . #
.. #...@# .## .#
#...#### # ... .
##.# . # #. . (#
. #. #. .. . .#
..


There were no monsters in sight!

Vanquished Creatures
  The ghost of Shenda the Carver, a novice MiFi (D:7)
  An ice statue (D:9)
  A troll (D:9)
  A queen bee (D:8)
  A two-headed ogre (D:10)
  Eustachio (D:4)
  A steam dragon (D:8)
  A hippogriff (D:9)
  3 hungry ghosts
  A chaos spawn (Abyss:2)
  2 black bears
  3 orc warriors
  A phantom (D:7)
  A sky beast (D:6)
  A wasp (D:8)
  5 ogres
  A necrophage (D:10)
  3 centaurs
  A crocodile (D:10)
  2 big kobolds
  2 elf zombies (D:4)
  2 giant frogs (D:8)
  5 elf skeletons (D:4)
  3 scorpions
  26 killer bees
  9 wights
  4 howler monkeys
  6 crimson imps
  A centaur zombie (D:8)
  A quasit (Abyss:2)
  4 orc priests
  A centaur skeleton (D:4)
  2 giant frog skeletons
  A gnoll shaman (D:6)
  3 hounds
  9 orc wizards
  3 jellies
  Jessica (D:3)
  5 iguanas
  2 human skeletons (D:4)
  4 worker ants
  A sheep (D:10)
  A hound skeleton (D:4)
  A hound zombie (D:10)
  A worker ant zombie (D:7)
  14 gnolls
  A howler monkey skeleton (D:7)
  8 adders
  2 river rats (D:3)
  A shadow imp (D:7)
  2 worms
  3 dart slugs
  5 giant geckos
  34 orcs
  12 bats
  5 giant cockroaches
  10 goblins
  9 hobgoblins
  14 jackals
  5 quokkas
  A ball python (D:4)
  2 giant gecko skeletons
  A giant newt (D:3)
  18 kobolds
  An orc skeleton (D:4)
  An orc zombie (D:4)
  2 quokka skeletons
  9 rats
290 creatures vanquished.

Vanquished Creatures (collateral kills)
  An elephant (D:10)
  A worker ant (D:10)
  3 orcs (D:10)
5 creatures vanquished.

Vanquished Creatures (others)
  An ice beast (D:9)
  A black bear (D:9)
  A scorpion (D:9)
  2 orcs
5 creatures vanquished.

Grand Total: 300 creatures vanquished

Notes
Turn   | Place    | Note
-------+----------+-------------------------------------------
     0 | D:1      | HAL9000 the Ogre Berserker began the quest for the Orb.
     0 | D:1      | Reached XP level 1. HP: 24/24 MP: 1/1
   165 | D:1      | Reached XP level 2. HP: 31/32 MP: 2/2
   598 | D:1      | Reached skill level 5 in Maces & Flails
   617 | D:1      | Reached XP level 3. HP: 39/40 MP: 3/3
   652 | D:1      | Reached ** piety under Trog
  1177 | D:2      | Found a stormy altar of Qazlal.
  1177 | D:2      | Noticed an earth elemental
  1177 | D:2      | Noticed an air elemental
  1177 | D:2      | Noticed a fire elemental
  1177 | D:2      | Noticed a water elemental
  1774 | D:2      | Reached XP level 4. HP: 45/49 MP: 4/4
  1998 | D:3      | Reached skill level 5 in Fighting
  1998 | D:3      | Reached skill level 6 in Maces & Flails
  2007 | D:3      | Noticed Jessica
  2034 | D:3      | Killed Jessica
  2034 | D:3      | Reached XP level 5. HP: 5/57 MP: 5/5
  2518 | D:3      | Found a faded altar of an unknown god.
  2522 | D:3      | Reached skill level 7 in Maces & Flails
  2570 | D:3      | Reached *** piety under Trog
  2630 | D:3      | HP: 2/59 [kobold/short sword (4)]
  2890 | D:3      | Reached XP level 6. HP: 49/67 MP: 6/6
  3439 | D:4      | Reached skill level 8 in Maces & Flails
  3581 | D:4      | Noticed Eustachio
  3601 | D:4      | Killed Eustachio
  3601 | D:4      | Reached XP level 7. HP: 74/76 MP: 7/7
  3760 | D:4      | Reached skill level 9 in Maces & Flails
  4302 | D:4      | Reached skill level 10 in Maces & Flails
  4310 | D:4      | Reached XP level 8. HP: 61/88 MP: 8/8
  4896 | D:4      | Found a sacrificial altar of Ru.
  4940 | D:4      | Reached skill level 11 in Maces & Flails
  5010 | D:5      | Entered Level 5 of the Dungeon
  5409 | D:5      | Reached **** piety under Trog
  6372 | D:6      | Reached skill level 12 in Maces & Flails
  6472 | D:6      | Reached XP level 9. HP: 98/98 MP: 9/9
  6668 | D:6      | Found an opulent altar of Gozag.
  6691 | D:6      | Found a staircase to the Ecumenical Temple.
  6801 | D:6      | Found Faev's General Store.
  6974 | D:6      | Reached skill level 13 in Maces & Flails
  7093 | D:6      | Found a bloodstained altar of Trog.
  7458 | D:7      | Reached skill level 10 in Fighting
  7507 | D:7      | Noticed Shenda's ghost (novice MiFi)
  7740 | D:7      | Reached skill level 14 in Maces & Flails
  7904 | D:7      | Killed Shenda's ghost
  7904 | D:7      | Reached XP level 10. HP: 110/110 MP: 10/10
  8073 | D:7      | Reached skill level 1 in Shields
  8158 | D:7      | Found an iron altar of Okawaru.
  8163 | D:7      | Reached ***** piety under Trog
  8266 | D:7      | Found a deep blue altar of Sif Muna.
  8374 | D:8      | Reached skill level 5 in Dodging
  8773 | D:8      | Found a radiant altar of Vehumet.
  8867 | D:8      | Found an oddly glowing altar of Pakellas.
 10673 | D:9      | Found a snail-covered altar of Cheibriados.
 10673 | D:9      | Found a sparkling altar of Nemelex Xobeh.
 10803 | D:9      | Reached skill level 5 in Shields
 10912 | D:9      | Noticed an ice statue
 10934 | D:9      | Killed an ice statue
 10934 | D:9      | Reached XP level 11. HP: 88/117 MP: 11/11
 10946 | D:9      | Got a slimy great mace
 11368 | D:9      | Identified the +5 great mace "Mufixzur" {vamp, Int+2} (You found it on level 9 of the Dungeon)
 11565 | D:9      | Reached skill level 15 in Maces & Flails
 11714 | D:10     | Entered Level 10 of the Dungeon
 11792 | D:10     | Received a gift from Trog
 11957 | D:10     | Found a staircase to the Lair.
 12019 | D:10     | Noticed Sonja
 12032 | D:10     | Cast into level 2 of the Abyss (Sonja)
 12060 | Abyss:2  | HP: 4/119 [chaos spawn (8)]
 12110 | Abyss:2  | Slain by a vampire

Vault maps used:
D:1:      scummos_arrival_star, serial_bayou_pond_b
D:2:      nicolae_qazlal_style_of_elements
D:3:      ecumenical_altar_2, first_bread, gup_sewer_entry_spiral, uniq_jessica
D:4:      nicolae_ossuary_entry_catacombs, grunt_ministairs_6,
          nicolae_ru_path_of_blood, uniq_eustachio
D:5:      nicolae_underground_beach
D:6:      nicolae_overflow_hidden_temple, overflow_temple_1_default,
          serial_shops, shop, eino_small_chamber_without_monster
D:7:      kennysheep_little_box, okawaru_altar_gauntlet_db
D:8:      fiery_altar_vehumet, kennysheep_nondescript, david_nohive_1,
          kennysheep_another_room, grunt_pakellas_mercury
D:9:      gammafunk_temple_overflow_elements, minivault_15, lemuel_flame_loot_1
D:10:     david_lair_generic, hangedman_decor_diamond_cutter, uniq_sonja

Skill      XL: |  1  2  3  4  5  6  7  8  9 10 11 |
---------------+----------------------------------+-----
Maces & Flails | 5 6 7 8 10 12 14 15 | 15.2
Fighting       | 5 6 7 9 10 | 10.4
Dodging        | 4 6 7 |  7.4
Shields        | 5 |  5.6
Throwing       | |  0.2

Action                   |  1- 3 |  4- 6 |  7- 9 | 10-12 || total
-------------------------+-------+-------+-------+-------++-------
Melee: Mace              |   123 |    45 |       |       ||   168
       Flail             |       |   164 |   341 |       ||   505
       Morningstar       |       |       |    77 |   228 ||   305
       Great mace        |       |       |       |    76 ||    76
Throw: Tomahawk          |       |       |     2 |       ||     2
       Large rock        |       |       |       |     3 ||     3
Invok: Berserk           |       |     4 |     9 |     7 ||    20
       Trog's Hand       |       |     1 |       |     1 ||     2
       Brothers in Arms  |       |       |       |     1 ||     1
  Use: Potion            |       |     3 |       |     4 ||     7
       Scroll            |       |       |       |     9 ||     9
 Stab: Sleeping          |       |     1 |       |     3 ||     4
  Eat: Chunk             |     2 |    11 |    18 |    14 ||    45
       Fruit             |       |       |     2 |       ||     2
       Pizza             |       |       |     1 |     2 ||     3
       Beef jerky        |       |       |     1 |     1 ||     2
       Royal jelly       |       |       |       |     6 ||     6
Armor: Animal skin       |    60 |    62 |    32 |       ||   154
       Robe              |       |       |    27 |    45 ||    72
       Skin              |       |       |       |     2 ||     2
Dodge: Dodged            |    74 |    96 |   155 |   204 ||   529
Block: Shield            |       |       |       |    84 ||    84
